 Dungeon Crawl Stone Soup version 0.26.1-11-gd32895ea62 (webtiles) character file.

Game seed: 2774461191496460925

21905 Glamhuggeren the Spear-Bearer (level 12, -3/89 HPs)
             Began as a Demonspawn Fighter on July 3, 2021.
             Was a Priest of Qazlal.
             Killed by divine providence
             ... invoked by a meliai
              (11 damage)
             ... on level 13 of the Dungeon.
             The game lasted 00:48:13 (14425 turns).

Glamhuggeren the Spear-Bearer (Demonspawn Fighter) Turns: 14425, Time: 00:48:15

Health: -3/89      AC: 16    Str: 20    XL:     12   Next: 58%
Magic:  10/18      EV:  8    Int: 11    God:    Qazlal [***...]
Gold:   1078       SH: 15    Dex: 19    Spells: 11/11 levels left

rFire    . . .     SeeInvis .   a - +6 trident (freeze)
rCold    . . .     Faith    .   c - +0 kite shield
rNeg     . . .     Spirit   .   u - +3 ring mail
rPois    +         Reflect  .   A - +0 helmet
rElec    .         Harm     .   (no cloak)
rCorr    +         Rampage  .   (no gloves)
Will     .....                  x - +1 pair of boots
Stlth    +.........             r - amulet of regeneration
HPRegen  0.64/turn              l - ring of poison resistance
MPRegen  0.16/turn              y - +6 ring of dexterity

@: no status effects
A: talons 1, yellow scales 3, demonic guardian 1
a: Renounce Religion, Upheaval, Elemental Force


You were on level 13 of the Dungeon.
You worshipped Qazlal.
Qazlal was most pleased with you.
You visited 2 branches of the dungeon, and saw 14 of its levels.
You also visited: Sewer, Ossuary and Bailey.

You collected 1078 gold pieces.

Inventory:

Hand Weapons
 a - a +6 trident of freezing (weapon)
Missiles
 e - 7 curare-tipped darts
 f - 397 stones
 m - 101 poisoned darts (quivered)
 q - 3 throwing nets
 H - 6 atropa-tipped darts
 J - 5 boomerangs
Armour
 c - a +0 kite shield (worn)
 u - a +3 ring mail (worn)
 w - a +2 chain mail of fire resistance
 x - a +1 pair of boots (worn)
 A - a +0 helmet (worn)
Jewellery
 l - a ring of poison resistance (left hand)
 r - an amulet of regeneration (around neck)
 y - a +6 ring of dexterity (right hand)
 F - an uncursed ring of fire
Wands
 d - a wand of polymorph (15)
 g - a wand of iceblast (10)
 o - a wand of disintegration (11)
 B - a wand of flame (13)
 G - a wand of digging (4)
 K - a wand of paralysis (5)
Scrolls
 b - 2 scrolls of amnesia {unknown}
 i - 4 scrolls of identify
 j - 11 scrolls of teleportation
 k - 9 scrolls of remove curse
 n - 2 scrolls of magic mapping
 p - 2 scrolls of enchant weapon {unknown}
 s - 3 scrolls of enchant armour {unknown}
 z - a scroll of fog {unknown}
 D - a scroll of immolation {unknown}
 I - 2 scrolls of fear {unknown}
Potions
 h - 3 potions of flight
 t - 3 potions of brilliance
 v - 7 potions of curing
 C - a potion of heal wounds


   Skills:
 * Level 6.9 Fighting
 - Level 10.7(13.1) Axes
 - Level 12.5(14.0) Polearms
 - Level 4.0 Armour
 * Level 6.3 Shields
 * Level 8.0 Invocations


You had 11 spell levels left.
You didn't know any spells.
Your spell library contained the following spells:

 Spells                   Type           Power        Failure   Level
 Animate Skeleton         Necr           0%           87%         1
 Apportation              Tloc           0%           87%         1
 Corona                   Hex            0%           87%         1
 Magic Dart               Conj           0%           87%         1
 Summon Small Mammal      Summ           0%           87%         1
 Blink                    Tloc           N/A          95%         2
 Call Imp                 Summ           0%           95%         2
 Slow                     Hex            0%           95%         2
 Conjure Flame            Conj/Fire      0%           99%         3
 Mephitic Cloud           Conj/Pois/Air  0%           99%         3


Dungeon Overview and Level Annotations

Branches:
Dungeon (13/15)            Temple (1/1) D:7            Lair (0/6) D:11
    Orc (0/2) D:12          Sewer (visited)         Ossuary (visited)
 Bailey (visited)
 Vaults: D:13-14

Altars:
Ashenzari
Cheibriados
Dithmenos
Elyvilon
Fedhas
Gozag
Hepliaklqana
Kikubaaqudgha
Makhleb
Nemelex Xobeh
Okawaru
Qazlal
Ru
Sif Muna
Trog
Uskayaw
Vehumet
Wu Jian
Xom
Yredelemnul
Zin
The Shining One

Shops:
D:8 (


Innate Abilities, Weirdness & Mutations

You have sharp toenails.
You are completely covered in yellow scales. (AC +4, rCorr)
A weak demonic guardian rushes to your aid.


Message History

Something smites you!
* * * LOW HITPOINT WARNING * * *
The meliai invokes the aid of its god against you.
Something smites you!
* * * LOW HITPOINT WARNING * * *
Your iron imp closely misses the meliai.
You block the meliai's attack.
The meliai hits your iron imp with a +0 war axe.
The meliai stings you.
* * * LOW HITPOINT WARNING * * *
The meliai hits you but does no damage.
The meliai hits your iron imp but does no damage.
You block the meliai's attack.
The meliai hits your iron imp with a +0 war axe!
The meliai stings your iron imp but does no damage.
The meliai closely misses you. The meliai stings you.
* * * LOW HITPOINT WARNING * * *
The meliai calls down the wrath of its god upon you.
Something smites you!
You die...

#....# #..^ #.yy.# #...#
#....# #...# #....#+###
#...# #......... #.. #..<#
#.†....... #....# #...#
#..†...... #....#
#...#####y.†?..... #....#
#..5@§.5y.).......
#....#####....y5.((....(###
#..................>....#
####.......................#
.<...............(.........#
................#########..#
.........######.# ..#
.........# #.# ..#
.........# #.# .#


You could see 3 meliai, 2 friendly iron imps and a friendly shadow imp
(summoned).

Vanquished Creatures
  Harold (D:9)
  A hydra (D:12)
  A centaur warrior (D:13)
  A two-headed ogre (D:12)
  A death knight (D:12)
  2 unseen horrors
  An orc knight (Bailey)
  2 deep elf magi
  A cyclops (D:12)
  2 ugly things (D:11)
  Psyche (D:8)
  A gargoyle (D:12)
  2 freezing wraiths (D:12)
  2 trolls
  A hornet (D:9)
  3 slime creatures (D:12)
  A shadow (D:12)
  Sigmund (D:2)
  Eustachio (D:4)
  15 yaks
  3 wraiths
  Edmund (D:6)
  2 vampire mosquitoes (D:12)
  A water moccasin (D:13)
  An acid dragon (D:11)
  An eye of draining (D:9)
  3 sky beasts
  An ice beast (D:7)
  10 orc warriors
  5 phantoms
  A black bear (D:7)
  8 ogres
  2 centaurs
  A wolf (D:11)
  9 big kobolds
  An elf zombie (D:7)
  8 bullfrogs
  An elf skeleton (D:6)
  A wyvern skeleton (D:12)
  2 scorpions
  A water moccasin skeleton (D:10)
  11 killer bees
  14 wights
  2 electric eels (D:11)
  A howler monkey (D:5)
  3 jellies
  A bullfrog zombie (D:11)
  3 centaur zombies
  5 human zombies
  A bullfrog skeleton (D:8)
  12 hounds
  8 orc priests
  A centaur skeleton (D:9)
  7 orc wizards
  3 human skeletons
  Natasha (thrice) (D:3)
  6 worker ants
  A big kobold zombie (Ossuary)
  2 mummies (Ossuary)
  2 hound skeletons
  2 howler monkey zombies (D:9)
  6 gnolls
  9 adders
  5 river rats
  2 shadow imps
  6 white imps
  2 oozes (Sewer)
  2 adder skeletons
  An adder zombie (D:8)
  3 worms
  3 dart slugs
  6 leopard geckos
  36 orcs
  9 giant cockroaches
  7 gnoll zombies (Ossuary)
  8 goblins
  3 hobgoblins
  2 jackals (D:8)
  3 quokkas
  9 ball pythons
  10 bats
  7 frilled lizards
  A giant cockroach zombie (D:5)
  2 goblin zombies (Ossuary)
  2 hobgoblin zombies (Ossuary)
  19 kobolds
  3 orc skeletons
  4 orc zombies
  A quokka skeleton (D:5)
  14 rats
377 creatures vanquished.

Vanquished Creatures (collateral kills)
  2 two-headed ogres
  A deep elf mage (D:7)
  A centaur skeleton (D:12)
  A tengu conjurer (D:13)
  2 yaks (D:13)
  A basilisk (D:12)
  3 ogres
  2 wolves (D:11)
  A big kobold (Sewer)
  A worker ant (D:4)
  A worker ant zombie (D:5)
  2 gnolls
  4 orcs
  A quokka (D:12)
  A ball python (D:8)
  A frilled lizard (D:3)
  A rat (Sewer)
26 creatures vanquished.

Grand Total: 403 creatures vanquished

Notes
Turn   | Place    | Note
-------+----------+-------------------------------------------
     0 | D:1      | Glamhuggeren the Demonspawn Fighter began the quest for the
                  | Orb.
     0 | D:1      | Reached XP level 1. HP: 18/18 MP: 1/1
   457 | D:1      | Gained mutation: You are partially covered in yellow
                  | scales. (AC +2) [demonic ancestry]
   457 | D:1      | Reached XP level 2. HP: 24/24 MP: 2/2
   990 | D:2      | Reached XP level 3. HP: 23/29 MP: 3/3
  1479 | D:2      | Noticed Sigmund
  1508 | D:2      | Killed Sigmund
  1509 | D:2      | Reached skill level 5 in Axes
  1509 | D:2      | Gained mutation: A weak demonic guardian rushes to your
                  | aid. [demonic ancestry]
  1509 | D:2      | Reached XP level 4. HP: 23/35 MP: 4/4
  1509 | D:2      | Reached XP level 5. HP: 26/41 MP: 5/5
  2242 | D:3      | Reached XP level 6. HP: 15/47 MP: 6/6
  2599 | D:3      | Noticed Natasha
  2606 | D:3      | Killed Natasha
  2782 | D:3      | Found a blossoming altar of Fedhas.
  2859 | D:3      | Noticed Natasha
  2865 | D:3      | Killed Natasha
  2970 | D:3      | Found a white marble altar of Elyvilon.
  2972 | D:3      | Found a sparkling altar of Nemelex Xobeh.
  3064 | D:3      | Noticed Natasha
  3076 | D:3      | Killed Natasha
  3381 | D:4      | Found the +8 trident of the Octopus King {venom, rElec
                  | rPois Will+}
  3780 | D:4      | Reached skill level 1 in Polearms
  3828 | D:4      | Reached XP level 7. HP: 25/52 MP: 3/7
  4055 | D:4      | Noticed Eustachio
  4075 | D:4      | Killed Eustachio
  4076 | D:4      | Reached skill level 2 in Polearms
  4347 | D:4      | Noticed a wraith
  4558 | D:5      | Entered Level 5 of the Dungeon
  4992 | D:5      | Reached skill level 3 in Polearms
  4992 | D:5      | Gained mutation: You are mostly covered in yellow scales.
                  | (AC +3) [demonic ancestry]
  4992 | D:5      | Reached XP level 8. HP: 37/58 MP: 4/8
  5442 | D:6      | Found a sand-covered staircase.
  5457 | Ossuary  | Entered an ossuary
  5713 | D:6      | Found a broken altar of Ashenzari.
  5964 | D:6      | Reached skill level 4 in Polearms
  5983 | D:6      | Found a glowing drain.
  5988 | Sewer    | Entered a sewer
  6919 | D:6      | Noticed Edmund
  6935 | D:6      | Killed Edmund
  6936 | D:6      | Gained mutation: You have sharp toenails. [demonic
                  | ancestry]
  6936 | D:6      | Reached XP level 9. HP: 62/63 MP: 9/9
  6953 | D:6      | Reached skill level 5 in Polearms
  7356 | D:6      | Reached skill level 10 in Axes
  7894 | D:7      | Found a basalt altar of Yredelemnul.
  7915 | D:7      | Reached skill level 6 in Polearms
  7983 | D:7      | Reached skill level 7 in Polearms
  7990 | D:7      | Found a shadowy altar of Dithmenos.
  8001 | D:7      | Found a staircase to the Ecumenical Temple.
  8011 | Temple   | Entered the Ecumenical Temple
  8197 | Temple   | Became a worshipper of Qazlal Stormbringer
  8637 | D:7      | Found a blossoming altar of Fedhas.
  8637 | D:7      | Noticed a deep elf mage
  8637 | D:7      | Noticed a deep elf mage
  8642 | D:7      | Killed a deep elf mage
  8643 | D:7      | Reached XP level 10. HP: 38/70 MP: 5/10
  8646 | D:7      | Killed a deep elf mage
  8647 | D:7      | Reached skill level 8 in Polearms
  9033 | D:8      | Reached * piety under Qazlal
  9189 | D:8      | Noticed a two-headed ogre
  9252 | D:8      | Killed a two-headed ogre
  9253 | D:8      | Reached skill level 9 in Polearms
  9340 | D:8      | Noticed Psyche
  9349 | D:8      | Killed Psyche
  9645 | D:8      | Found Yfeticil's Weapon Boutique.
  9838 | D:9      | Reached skill level 10 in Polearms
  9971 | D:9      | Found a burning altar of Makhleb.
 10444 | D:9      | Noticed Harold
 10470 | D:9      | Killed Harold
 10563 | D:9      | Reached skill level 11 in Polearms
 10630 | D:9      | Found a shimmering altar of Xom.
 10995 | D:10     | Entered Level 10 of the Dungeon
 11024 | D:10     | Killed an unseen horror
 11025 | D:10     | Gained mutation: You are completely covered in yellow
                  | scales. (AC +4, rCorr) [demonic ancestry]
 11025 | D:10     | Reached XP level 11. HP: 72/75 MP: 11/11
 11054 | D:10     | Reached ** piety under Qazlal
 11724 | D:10     | Found a burning altar of Makhleb.
 11848 | D:11     | Noticed a purple ugly thing
 11952 | D:11     | Killed a purple ugly thing
 11953 | D:11     | Reached skill level 12 in Polearms
 12001 | D:11     | Found a staircase to the Lair.
 12028 | D:11     | Reached *** piety under Qazlal
 12095 | D:11     | Noticed a purple ugly thing
 12113 | D:11     | Killed a purple ugly thing
 12774 | D:12     | Reached skill level 1 in Invocations
 12793 | D:12     | Noticed a two-headed ogre
 12804 | D:12     | Killed a two-headed ogre
 12846 | D:12     | Found a flagged portal.
 12847 | D:12     | Noticed a death knight
 12917 | D:12     | Killed a death knight
 13036 | Bailey   | Entered a bailey
 13036 | Bailey   | Noticed an orc knight
 13075 | Bailey   | Reached **** piety under Qazlal
 13166 | Bailey   | Killed an orc knight
 13167 | Bailey   | Reached skill level 5 in Fighting
 13173 | Bailey   | Reached XP level 12. HP: 65/86 MP: 15/15
 13213 | Bailey   | Reached skill level 5 in Invocations
 13249 | Bailey   | Got a blackened hand crossbow
 13307 | D:12     | Identified the +3 hand crossbow of the Muttering Augurer
                  | {vorpal, rElec rPois rC- Dex+2} (You found it in a bailey)
 13499 | D:12     | Noticed a four-headed hydra
 13500 | D:12     | Noticed a two-headed ogre
 13510 | D:12     | Killed a four-headed hydra
 13511 | D:12     | Reached skill level 5 in Shields
 13525 | D:12     | Killed a two-headed ogre
 13775 | D:12     | Found a staircase to the Orcish Mines.
 14393 | D:13     | Noticed a centaur warrior
 14417 | D:13     | Killed a centaur warrior
 14425 | D:13     | Killed from afar by a meliai

Illustrated notes

Levels and vault maps discovered:
D:1:      lightli_arrival_noodles, layout_loops_ring, serial_forest,
          infiniplex_forest_end_double, infiniplex_forest_clump_small,
          infiniplex_forest_clump_small, infiniplex_forest_lined_room_2,
          infiniplex_forest_clump_tiny, minmay_misc_feat_four_crosses
D:2:      layout_loops_corners, uniq_sigmund
D:3:      layout_loops_ring, chequers_temple_overflow_statue_of_worship,
          fedhas_altar_1, uniq_natasha
D:4:      layout_cave_pools, lightli_corner_chamber, uniq_eustachio
D:5:      layout_loops_ring
D:6:      layout_cave_pools, portal_sewer_entry_e,
          nicolae_ossuary_entry_catacombs, ashenzari_altar_1, uniq_edmund
D:7:      layout_basic, nicolae_dithmenos_the_darkroom,
          lemuel_mausoleum_altar_yredelemnul,
          minmay_temple_entry_drinking_statues, minmay_misc_feat_iff,
          david_defended_altar_elf
D:8:      layout_loops_ring, serial_shops, shop, kennysheep_generic_room_16,
          uniq_psyche
D:9:      layout_loops_corners, basic_altar, tgw_xom, uniq_harold
D:10:     layout_loops_cross, bloody_makhleb
D:11:     layout_loops_ring, erik_lair_island
D:12:     layout_loops_ring, david_orc_2, enter_bailey_2
D:13:     layout_irregular_city
Temple:   regret_index_temple_mists

Skill      XL: |  1  2  3  4  5  6  7  8  9 10 11 12 |
---------------+-------------------------------------+-----
Axes           | 2 3 5 6 8 9 10 | 10.7
Polearms       | 1 3 4 7 11 12 | 12.5
Invocations    | 4 8 |  8.0
Shields        | 4 6 |  6.3
Armour         | 3 4 |  4.0
Fighting       | 5 6 |  6.9

Action                   |  1- 3 |  4- 6 |  7- 9 | 10-12 || total
-------------------------+-------+-------+-------+-------++-------
Melee: War axe           |    92 |   144 |   525 |       ||   761
       Unarmed           |     6 |       |       |       ||     6
       Trident           |       |       |    63 |   716 ||   779
Throw: Dart              |       |     2 |    20 |    16 ||    38
Invok: Upheaval          |       |       |       |     4 ||     4
       Elemental Force   |       |       |       |     1 ||     1
  Use: Potion            |     1 |       |     2 |     5 ||     8
       Scroll            |       |     3 |     2 |    14 ||    19
 Stab: Distracted        |       |     1 |     3 |     9 ||    13
Armor: Scale mail        |    48 |    62 |       |       ||   110
       Skin              |     2 |       |       |       ||     2
       Ring mail         |       |    10 |   217 |   125 ||   352
Dodge: Dodged            |    35 |    46 |   151 |    86 ||   318
       Repelled          |       |       |       |     1 ||     1
Block: Kite shield       |    41 |    56 |   241 |   206 ||   544
